 Dungeon Crawl Stone Soup version 0.31.0-32-g396128a36d (webtiles) character file.

Game seed: 18357201175312183847

4 PaiMei the Firebug (level 1, -3/13 HPs)
             Began as a Demonspawn Fire Elementalist on Mar 28, 2024.
             Slain by a kobold
             ... wielding a +0 dagger
              (4 damage)
             ... on level 1 of the Dungeon.
             The game lasted 00:00:42 (89 turns).

PaiMei the Firebug (Demonspawn Fire Elementalist)     Turns: 89, Time: 00:00:43

Health: -3/13      AC:  2    Str:  8    XL:     1   Next: 58%
Magic:  1/3        EV:  9    Int: 15    God:
Gold:   0          SH:  0    Dex: 13    Spells: 3/4 levels left

rFire   . . .        (no weapon)
rCold   . . .        (no shield)
rNeg    . . .        a - +0 robe
rPois   .            (no helmet)
rElec   .            (no cloak)
rCorr   .            (no gloves)
SInv    .            (no boots)
Will    .....        (no amulet)
Stlth   ++           (no ring)
HPRegen 0.22/turn    (no ring)
MPRegen 0.08/turn

%: no passive effects
@: constricted
A: no striking features
a: no special abilities


You were on level 1 of the Dungeon.
You visited 1 branch of the dungeon, and saw 1 of its levels.

Inventory:

Missiles
 c - 5 poisoned darts (quivered)
Armour
 a - a +0 robe (worn)
Potions
 b - a potion of magic


   Skills:
 + Level 1.8 Dodging
 + Level 1.9 Stealth
 + Level 2.0 Spellcasting
 + Level 1.1 Conjurations
 + Level 2.7 Fire Magic


You had 3 spell levels left.
You knew the following spells:

 Your Spells              Type           Power      Damage    Failure   Level
a - Foxfire               Conj/Fire      28%        2x1d5     10%         1

Your spell library contained the following spells:

 Spells                   Type           Power      Damage    Failure   Level
 Scorch                   Fire           18%        2d5       11%         2
 Inner Flame              Hex/Fire       5%         N/A       36%         3
 Volatile Blastmotes      Fire/Tloc      10%        2d10      36%         3
 Flame Wave               Conj/Fire      7%         2d5       69%         4


Dungeon Overview and Level Annotations

Branches:
Dungeon (1/15)

Altars:


Message History

You conjure some foxfire!
The bat closely misses you. x2
The foxfire hits the ball python.
The ball python is moderately wounded.
The bat closely misses you.
Throw: 5 darts (poison)
Press: ? - help, Q - select action, (/) - cycle Shift-Dir - straight line
Okay, then.
You hit the ball python but do no damage.
The ball python is moderately wounded.
The bat closely misses you. x2; The ball python bites you.
The ball python grabs you. The ball python constricts you.
You escape the ball python's grasp.
The rat closely misses you.
The ball python barely misses you. x2; The bat barely misses you.
The bat hits you.
You barely miss the bat. The bat misses you.
The bat hits you but does no damage. The bat hits you. The bat misses you.
The rat bites you. The ball python misses you. The ball python grabs you.
The ball python constricts you.
You hit the kobold but do no damage. The bat hits you but does no damage.
The bat closely misses you. The ball python closely misses you.
The ball python constricts you. The rat bites you but does no damage.
The kobold barely misses you.
You escape the ball python's grasp.
The ball python bites you. The ball python grabs you.
The ball python constricts you. The bat barely misses you.
The kobold hits you with a +0 dagger.
* * * LOW HITPOINT WARNING * * *
Casting: Foxfire (safe; 10% risk of failure)
Confirm with . or Enter, or press ? or * to list all spells.
There is not enough space to conjure foxfire!
You hit the bat but do no damage. The bat hits you but does no damage. x2
The ball python closely misses you. The ball python constricts you.
* * * LOW HITPOINT WARNING * * *
The kobold barely misses you.
Casting: Foxfire (safe; 10% risk of failure)
Confirm with . or Enter, or press ? or * to list all spells.
There is not enough space to conjure foxfire!
You closely miss the bat. The bat barely misses you. The ball python bites you.
* * * LOW HITPOINT WARNING * * *
The ball python constricts you. The kobold hits you with a +0 dagger.
You die...

.........###........#...
..........#.............
#...# #...............
#.[.# #...............
##...####...............
#......................####
...........##...rb..####..#
..............bK.S.###....#
........(#######@###......#
.........### ###........#
...........#####......##..#
.!......###.'.......####..#
........##..'.....### #.<#
..........†.'...[...####..#
..........######......##..#
K.##...#.# ###........#
...... ###......#


You could see 2 bats, a ball python, a kobold and a rat.

Vanquished Creatures
  2 bats (D:1)
  An endoplasm (D:1)
  A hobgoblin (D:1)
4 creatures vanquished.

Vanquished Creatures (others)
  8 foxfires (D:1)
8 creatures vanquished.

Grand Total: 12 creatures vanquished

Notes
Turn   | Place    | Note
-------+----------+-------------------------------------------
     0 | D:1      | PaiMei the Demonspawn Fire Elementalist began the quest for
                  | the Orb.
     0 | D:1      | Reached XP level 1. HP: 13/13 MP: 3/3
    89 | D:1      | Slain by a kobold

Illustrated notes

Levels and vault maps discovered:
D:1:      lemuel_arrival_funnel, layout_rooms, minmay_tromino_v2

Action                     || total
---------------------------++-------
  Melee: Unarmed           ||     6
  Throw: Dart              ||     1
   Cast: Foxfire           ||     6
 Armour: Robe              ||    23
  Dodge: Dodged            ||    36
